 Dungeon Crawl Stone Soup version 0.28-a0-1339-ga5422284a4 (webtiles) character file.

Game seed: 2046150126288095053

2757 browni3141 the Cruncher (level 9, -1/67 HPs)
             Began as a Palentonga Berserker on Dec 28, 2021.
             Was an Elder of Trog.
             Slain by a hornet (3 damage)
             ... on level 8 of the Dungeon.
             The game lasted 00:07:10 (7002 turns).

browni3141 the Cruncher (Palentonga Berserker)      Turns: 7002, Time: 00:07:11

Health: -1/67      AC: 11    Str: 28    XL:     9   Next: 41%
Magic:  9/9        EV: 13    Int:  9    God:    Trog [****..]
Gold:   390        SH:  0    Dex:  9    Spells: 8/8 levels left

rFire   . . .      SeeInvis +   r - +7 quarterstaff of Gozag's Grace {spect, Str+4}
rCold   . . .      Faith    +   (no shield)
rNeg    . . .      Spirit   .   b - +0 animal skin
rPois   .          Reflect  .   (no helmet)
rElec   .          Harm     .   (no cloak)
rCorr   .          Rampage  .   (no gloves)
Will    .....                   (no barding)
Stlth   +.........              y - amulet of faith
HPRegen 0.21/turn               p - +4 ring of evasion
MPRegen 0.11/turn               (no ring)

@: lethally poisoned (-1 -> -11), slowed, curled up, very slow
A: large, rugged brown scales 3, see invisible, deformed body, roll 1, armoured
tail, reflexive curl
a: Rolling Charge, Renounce Religion, Berserk, Trog's Hand, Brothers in Arms


You were on level 8 of the Dungeon.
You worshipped Trog.
Trog was greatly pleased with you.
You visited 2 branches of the dungeon, and saw 9 of its levels.

You collected 390 gold pieces.

Inventory:

Hand Weapons
 a - a +0 falchion
 r - the +7 quarterstaff of Gozag's Grace (weapon) {spect, Str+4}
   (You found it on level 4 of the Dungeon)

   When its wielder attacks, the weapon's spirit leaps out and strikes again.
   The spirit shares a part of any damage it takes with its wielder.
   Str:       It affects your strength (+4).
Missiles
 s - 2 throwing nets
Armour
 b - a +0 animal skin (worn)
Jewellery
 p - a +4 ring of evasion (left hand)
 y - an amulet of faith (around neck)
 C - a ring of flight
Wands
 k - a wand of paralysis (14)
 l - a wand of flame (19)
 n - a wand of mindburst (10)
Scrolls
 c - 3 scrolls of vulnerability {unknown}
 d - 3 scrolls of noise {unknown}
 i - 6 scrolls of identify {unknown}
 o - a scroll of summoning {unknown}
 t - a scroll of blinking {unknown}
 w - 3 scrolls of fog {unknown}
 x - a scroll of acquirement {unknown}
 A - a scroll of silence {unknown}
 D - a scroll of brand weapon {unknown}
 E - a scroll of enchant weapon {unknown}
Potions
 e - 2 potions of cancellation {unknown}
 f - 2 potions of mutation {unknown}
 g - 3 potions of curing
 h - a potion of magic {unknown}
 j - a potion of attraction {unknown}
 m - 3 potions of haste {unknown}
 q - 2 potions of brilliance {unknown}
 u - 3 potions of heal wounds {unknown}
 v - 2 potions of flight {unknown}
 z - 3 potions of might {unknown}
 B - a potion of resistance {unknown}


   Skills:
 - Level 3.0 Fighting
 - Level 7.6 Long Blades
 * Level 10.9 Staves
 - Level 1.5 Armour
 - Level 1.5 Dodging


You had 8 spell levels left.
You didn't know any spells.
Your spell library contained the following spells:

 Spells                   Type           Power      Damage    Failure   Level
 Animate Skeleton         Necr           0%         N/A       38%         1
 Pain                     Necr           0%         1d4       38%         1
 Ensorcelled Hibernation  Hex/Ice        0%         N/A       52%         2
 Spider Form              Tmut/Pois      0%         N/A       77%         3
 Vampiric Draining        Necr           0%         2d6       77%         3


Dungeon Overview and Level Annotations

Branches:
Dungeon (8/15)             Temple (1/1) D:7
   Lair: D:8-11

Altars:
Ashenzari
Cheibriados
Dithmenos
Elyvilon
Fedhas
Gozag
Hepliaklqana
Kikubaaqudgha
Makhleb
Qazlal
Ru
Sif Muna
Trog
Uskayaw
Vehumet
Wu Jian
Xom
Zin
The Shining One


Innate Abilities, Weirdness & Mutations

You are completely covered in rugged brown scales. (AC +3, +7% HP)
You have supernaturally acute eyesight. (SInv)
Armour fits poorly on your strangely shaped body.
You can roll at nearby foes to attack.
You have a long armoured tail.
You curl defensively after being hit. (AC +7*)


Message History

You hit the hornet.
The hornet is lightly wounded.
Your +7 quarterstaff of Gozag's Grace {spect, Str+4} completely misses the hornet.
The hornet stings you.
You feel yourself slow down.
You barely miss the hornet.
The hornet is lightly wounded.
Your +7 quarterstaff of Gozag's Grace {spect, Str+4} closely misses the hornet.
You feel yourself speed up. The hornet stings you!
You are poisoned.
You suddenly lose the ability to move!
The hornet stings you.
You are more poisoned.
You feel yourself slow down.
You feel yourself speed up.
* * * LOW HITPOINT WARNING * * *
You feel very sick. The hornet stings you.
* * * LOW HITPOINT WARNING * * *
You feel yourself slow down.
You feel yourself speed up.
* * * LOW HITPOINT WARNING * * *
You feel very sick. The hornet stings you.
* * * LOW HITPOINT WARNING * * *
You are more poisoned.
You feel yourself slow down.
The hornet stings you but does no damage.
You can move again.
It was a potion of curing.
You feel better. The hornet stings you.
* * * LOW HITPOINT WARNING * * *
You are lethally poisoned!
You feel as though you will be slow longer.
The hornet barely misses you.
Unknown command.
You feel better. The hornet stings you!
* * * LOW HITPOINT WARNING * * *
You are lethally poisoned!
You feel as though you will be slow longer.
The hornet stings you.
You die...

#.#######.####
#.##....$....#
#.#<.........#
#.[..........#
.###..(.......#
..............#
#####..†......#
#.
..............#
#.
######.##@##...
####.#
#.....†y.....T
......
#+#.##.#...###
..#.. ...
..#...# ###
..... ..# ..#
#.. ........#
.... #.# . ..>.
.... #.. .....
.... ...#..
#....


You could see a troll and a hornet.

Vanquished Creatures
  Sigmund (D:2)
  A wyvern (D:7)
  Edmund (D:6)
  An acid dragon (D:8)
  Duvessa (D:6)
  2 water moccasins (D:7)
  An orc warrior (D:7)
  2 black bears (D:7)
  2 necrophages
  An ogre (D:5)
  A centaur (D:6)
  2 phantoms (D:5)
  A kobold brigand (D:6)
  Blork the orc (D:6)
  A bullfrog (D:8)
  A scorpion (D:4)
  Dowan (D:6)
  2 killer bees (D:8)
  A howler monkey (D:8)
  3 wights (D:8)
  2 hounds
  A gnoll shaman (D:5)
  2 bullfrog skeletons (D:6)
  2 orc priests (D:7)
  2 iguanas
  Terence (D:2)
  An orc wizard (D:7)
  A killer bee zombie (D:4)
  4 adders
  7 gnolls
  A shadow imp (D:8)
  A white imp (D:7)
  An ufetubus (D:4)
  2 adder skeletons (D:4)
  7 worms
  A dart slug (D:2)
  13 orcs
  7 endoplasms
  3 giant cockroaches
  10 goblins
  4 hobgoblins
  7 jackals
  2 quokkas (D:4)
  9 ball pythons
  9 bats
  3 frilled lizards (D:1)
  12 kobolds
  A rat (D:1)
143 creatures vanquished.

Notes
Turn   | Place    | Note
-------+----------+-------------------------------------------
     0 | D:1      | browni3141 the Palentonga Berserker began the quest for the
                  | Orb.
     0 | D:1      | Reached XP level 1. HP: 19/19 MP: 1/1
   254 | D:1      | Reached XP level 2. HP: 25/25 MP: 2/2
   486 | D:1      | Reached ** piety under Trog
   789 | D:1      | Reached XP level 3. HP: 29/31 MP: 3/3
  1196 | D:2      | Noticed Terence
  1201 | D:2      | Killed Terence
  1299 | D:2      | Reached skill level 5 in Long Blades
  1299 | D:2      | Reached XP level 4. HP: 30/37 MP: 4/4
  1391 | D:2      | Noticed Sigmund
  1401 | D:2      | Killed Sigmund
  1402 | D:2      | Reached XP level 5. HP: 43/43 MP: 5/5
  1535 | D:2      | Found a faded altar of an unknown god.
  2200 | D:3      | Reached XP level 6. HP: 44/50 MP: 6/6
  3309 | D:4      | Found a blossoming altar of Fedhas.
  3577 | D:4      | Found a hazy altar of Hepliaklqana.
  3761 | D:4      | Identified the +7 quarterstaff of Gozag's Grace {spect,
                  | Str+4}
  3785 | D:4      | Reached skill level 1 in Staves
  4173 | D:5      | Entered Level 5 of the Dungeon
  4176 | D:5      | Reached skill level 2 in Staves
  4178 | D:5      | Gained mutation: You curl defensively after being hit. (AC
                  | +7*) [Palentonga growth]
  4178 | D:5      | Reached XP level 7. HP: 44/55 MP: 7/7
  4268 | D:5      | Reached *** piety under Trog
  4355 | D:5      | Reached skill level 3 in Staves
  4472 | D:5      | Reached skill level 4 in Staves
  4521 | D:5      | Reached skill level 5 in Staves
  4691 | D:6      | Reached skill level 6 in Staves
  4691 | D:6      | Reached XP level 8. HP: 62/62 MP: 8/8
  5006 | D:6      | Noticed Edmund
  5009 | D:6      | Killed Edmund
  5015 | D:6      | Reached skill level 7 in Staves
  5201 | D:6      | Noticed Duvessa
  5201 | D:6      | Noticed Dowan
  5207 | D:6      | Killed Duvessa
  5209 | D:6      | Killed Dowan
  5326 | D:6      | Noticed Blork the orc
  5328 | D:6      | Killed Blork the orc
  5329 | D:6      | Reached skill level 8 in Staves
  5744 | D:7      | Reached skill level 9 in Staves
  5750 | D:7      | Identified the +4 hand axe "Qereq" {holy, rN+ Dex+6}
  5842 | D:7      | Reached XP level 9. HP: 60/67 MP: 9/9
  5978 | D:7      | Found a staircase to the Ecumenical Temple.
  6016 | D:7      | Reached skill level 10 in Staves
  6106 | D:7      | Found an ornate altar of the Wu Jian Council.
  6279 | Temple   | Entered the Ecumenical Temple
  6512 | D:8      | Noticed a two-headed ogre
  6514 | D:8      | Noticed a troll
  6585 | D:7      | Reached **** piety under Trog
  6998 | D:8      | Paralysed by a hornet for 3 turns
  7000 | D:8      | HP: 3/67 [hornet (5)]
  7002 | D:8      | Slain by a hornet

Illustrated notes

Levels and vault maps discovered:
D:1:      minmay_arrival_widening_spiral_wide, layout_loops_corners
D:2:      layout_basic, shapermc_ecumenical_altar_venn, uniq_sigmund,
          uniq_terence
D:3:      layout_basic
D:4:      kennysheep_six_static_rooms, layout_rooms,
          mainiacjoe_overflow_six_doors_small,
          mainiacjoe_overflow_concentric_impassable, nicolae_wormholes,
          uniq_grinder
D:5:      nicolae_BIG_FREAKIN_CUBE, layout_rooms, roderic_batcave
D:6:      layout_basic, uniq_blork_the_orc, uniq_edmund, uniq_duvessa
D:7:      layout_cave_pools, marbit_many_paths, minmay_temple_entry_wispy
D:8:      layout_basic, mainiacjoe_overflow_catwalk_spiral, uniq_erica
Temple:   eino_temple_scatter_basement

Skill      XL: |  1  2  3  4  5  6  7  8  9 |
---------------+----------------------------+-----
Long Blades    | 4 5 6 7 |  7.6
Staves         | 2 6 9 10 | 10.9
Fighting       | |  3.0
Armour         | |  1.5
Dodging        | |  1.5

Action                   |  1- 3 |  4- 6 |  7- 9 || total
-------------------------+-------+-------+-------++-------
Melee: Falchion          |    89 |    94 |       ||   183
       Tailslap          |     8 |    13 |    14 ||    35
       Quarterstaff      |       |    23 |    98 ||   121
Invok: Berserk           |     1 |     4 |     2 ||     7
       Trog's Hand       |       |     1 |       ||     1
 Abil: Rolling Charge    |    22 |    25 |    30 ||    77
  Use: Potion            |       |       |     2 ||     2
 Stab: Distracted        |       |       |     1 ||     1
Armor: Animal skin       |    25 |    20 |    15 ||    60
Dodge: Dodged            |    33 |    46 |    47 ||   126

Table legend: (Time is in decaauts)
 A = Elapsed time spent in this place.
 B = Non-inter-level travel time spent in this place.
 C = Inter-level travel time spent in this place.
 D = Time resting spent in this place.
 E = Time spent auto-exploring this place.
 F = Levels seen in this place.
 G = Mean time per level.
                   A        B        C        D        E       F      G
               +--------+--------+--------+--------+--------+-----+--------+
         Total |   7075 |   6786 |    289 |    580 |   5427 |   9 |  786.1 |
       Dungeon |   6867 |   6597 |    270 |    580 |   5255 |   8 |  858.4 |
        Temple |    207 |    188 |     19 |      0 |    172 |   1 |  207.0 |
               +--------+--------+--------+--------+--------+-----+--------+

Top non-repeatable levels by time:
     D:3: 1216 daAuts
     D:1: 1128 daAuts
     D:6: 1070 daAuts
     D:4: 1023 daAuts
     D:7: 983 daAuts
     D:2: 868 daAuts
     D:5: 444 daAuts
  Temple: 207 daAuts
     D:8: 133 daAuts
